 Dungeon Crawl Stone Soup version 0.27-a0-1502-g47ed6a6988 (webtiles) character file.

Game seed: 13091540491570426267

979 flotson the Sneak (level 8, -2/62 HPs)
             Began as a Formicid Delver on July 8, 2021.
             Slain by a hound (4 damage)
             ... on level 4 of the Dungeon.
             The game lasted 00:11:21 (4891 turns).

flotson the Sneak (Formicid Delver)                 Turns: 4891, Time: 00:11:22

Health: -2/62      AC:  7    Str: 19    XL:     8   Next: 40%
Magic:  8/8        EV: 11    Int: 10    God:
Gold:   258        SH:  0    Dex: 12    Spells: 7/7 levels left

rFire    . . .     SeeInvis +   a - +0 whip (elec)
rCold    . . .     Faith    .   (no shield)
rNeg     . . .     Spirit   .   v - +0 scale mail
rPois    .         Reflect  .   (helmet unavailable)
rElec    .         Harm     .   (no cloak)
rCorr    .         Rampage  .   (no gloves)
Will     .....                  (no boots)
Stlth    ++........             (no amulet)
HPRegen  0.20/turn              (no ring)
MPRegen  0.11/turn              (no ring)

@: studying Axes
A: permanent stasis, dig shafts and tunnels, antennae 3, four strong arms
a: Dig, Shaft Self


You were on level 4 of the Dungeon.
You visited 2 branches of the dungeon, and saw 9 of its levels.

You collected 258 gold pieces.

Inventory:

Hand Weapons
 a - a +0 whip of electrocution (weapon)
 b - a +0 longbow
Missiles
 n - 6 poisoned darts (quivered)
 u - 20 arrows
Armour
 v - a +0 scale mail (worn)
Wands
 f - a wand of digging (3)
 r - a wand of flame (28)
 w - a wand of iceblast (10)
 y - a wand of polymorph (12)
Scrolls
 c - a scroll of fog
 g - a scroll of blinking {unknown}
 l - 3 scrolls of teleportation
 m - 3 scrolls of identify
 p - a scroll of enchant armour {unknown}
 s - 2 scrolls of noise {unknown}
 t - 2 scrolls of amnesia {unknown}
Potions
 d - a potion of brilliance {unknown}
 e - a potion of might {unknown}
 i - a potion of degeneration {unknown}
 j - a potion of ambrosia {unknown}
 k - a potion of lignification {unknown}
 q - a potion of flight {unknown}
 x - a potion of berserk rage {unknown}


   Skills:
 + Level 5.1 Fighting
 + Level 5.1 Axes
 + Level 0.9 Bows
 + Level 3.3 Throwing
 + Level 3.8 Armour
 + Level 3.7 Dodging
 - Level 6.0 Stealth
 + Level 3.7 Evocations


You had 7 spell levels left.
You didn't know any spells.
Your spell library contained the following spells:

 Spells                   Type           Power      Damage    Failure   Level
 Tukima's Dance           Hex            0%         N/A       97%         3
 Passage of Golubria      Tloc           N/A        N/A       100%        4
 Yara's Violent Unravell  Hex/Tmut       0%         3d3       100%        5


Dungeon Overview and Level Annotations

Branches:
Dungeon (8/15)             Temple (1/1) D:4
   Lair: D:8-11

Altars:
Ashenzari
Cheibriados
Fedhas
Hepliaklqana
Kikubaaqudgha
Makhleb
Okawaru
Qazlal
Ru
Sif Muna
Uskayaw
Vehumet
Wu Jian
Xom
Yredelemnul
Zin
The Shining One


Innate Abilities, Weirdness & Mutations

You cannot be hasted, slowed, berserked, paralysed or teleported.
You can dig through walls and to a lower floor.
You have a pair of large antennae on your head. (SInv)
Your four strong arms can wield two-handed weapons with a shield.


Message History

Unknown command.
You hear the crackle of electricity.
a - a +0 whip of electrocution (weapon)
The ogre closely misses you.
You see here an arrow.
You barely miss the ogre. The ogre hits you with a +0 giant club!
You hit the ogre.
The ogre is lightly wounded.
You whack the ogre!
The ogre is heavily wounded.
The ogre hits you with a +0 giant club!!
* * * LOW HITPOINT WARNING * * *
You feel better. The ogre hits you with a +0 giant club!
* * * LOW HITPOINT WARNING * * *
You see here 4 arrows.
You see here a scroll labelled PAKHLI BOGUAC.
There is a stone staircase leading up here.
The hound barks!
The hound barely misses you. The hound closely misses you.
The hound bites you but does no damage. The hound bites you but does no damage.
The hound stops to sniff the ground.
The hound bites you.
* * * LOW HITPOINT WARNING * * *
The hound bites you but does no damage. The hound bites you.
* * * LOW HITPOINT WARNING * * *
The hound bites you but does no damage. The hound barely misses you.
The hound bites you but does no damage.
There is a stone staircase leading up here.
The hound bites you.
* * * LOW HITPOINT WARNING * * *
You climb upwards.
There is a stone staircase leading down here.
Okay, then.
Unknown command.
You closely miss the hound. The hound bites you but does no damage.
The hound bites you.
You die...

#......# #........
#......# #........
#......# #........
#..<...##########..
#......#......###..
#..............##..
#......#.......##..
#......#........#..
#.@h............#..
#.....[#.###.......
#......#.###.......
#......#......#.##.
#......###....#.##.
#......#........##.
#........#...#####.
#........#.........
########............


You could see a hound.

Vanquished Creatures
  A yak (D:8)
  2 water moccasins (D:5)
  A centaur (D:8)
  2 scorpions
  A centaur zombie (D:8)
  5 orc priests
  A hound (D:5)
  2 iguanas
  2 orc wizards
  5 adders
  3 dart slugs
  8 orcs
  6 ball pythons
  3 bats (D:2)
  7 endoplasms
  3 giant cockroaches
  3 goblins
  4 hobgoblins
  7 jackals
  4 kobolds
  2 quokkas
  4 frilled lizards
  3 rats (D:2)
79 creatures vanquished.

Vanquished Creatures (others)
  2 plants (D:3)
2 creatures vanquished.

Grand Total: 81 creatures vanquished

Notes
Turn   | Place    | Note
-------+----------+-------------------------------------------
     0 | D:5      | flotson the Formicid Delver began the quest for the Orb.
     0 | D:5      | Reached XP level 1. HP: 18/18 MP: 1/1
    27 | D:5      | Noticed a hound
   631 | D:4      | Reached XP level 2. HP: 14/24 MP: 2/2
   771 | D:3      | Found a broken altar of Ashenzari.
   920 | D:1      | Reached skill level 1 in Armour
   920 | D:1      | Reached XP level 3. HP: 29/29 MP: 3/3
   960 | D:1      | Reached skill level 1 in Evocations
  1075 | D:1      | Found a faded altar of an unknown god.
  1813 | D:2      | Reached XP level 4. HP: 34/36 MP: 4/4
  2224 | D:2      | Reached skill level 1 in Throwing
  2543 | D:3      | Reached XP level 5. HP: 42/42 MP: 5/5
  2804 | D:3      | Reached XP level 6. HP: 48/48 MP: 6/6
  3440 | D:4      | Reached XP level 7. HP: 51/55 MP: 7/7
  3446 | D:4      | Found a staircase to the Ecumenical Temple.
  3463 | Temple   | Entered the Ecumenical Temple
  4123 | D:5      | Found a glowing golden altar of the Shining One.
  4182 | D:5      | You fall into a shaft and drop 3 floors!
  4182 | D:8      | Noticed a yak
  4183 | D:8      | Noticed a yak
  4187 | D:8      | Noticed a yak
  4239 | D:8      | Killed a yak
  4387 | D:8      | Reached XP level 8. HP: 38/61 MP: 8/8
  4615 | D:5      | Reached skill level 5 in Fighting
  4615 | D:5      | Reached skill level 5 in Axes
  4841 | D:5      | HP: 1/62 [ogre (17)]
  4889 | D:5      | HP: 1/62 [hound (4)]
  4891 | D:4      | Slain by a hound

Illustrated notes

Levels and vault maps discovered:
D:1:      saegor_arrival_simple_b, layout_basic,
          hellmonk_ecumenical_altar_leap_of_faith, grunt_decor_resistance
D:2:      layout_rooms
D:3:      cheibrodos_old_hovel, layout_loops_corners,
          cheibrodos_ashenzari_chains, hex_tiny
D:4:      layout_basic, minmay_temple_entry_drinking_statues, st_stairs_1,
          kennysheep_generic_room_11
D:5:      layout_loops_cross, mainiacjoe_overflow_large_starburst,
          lightli_sewer_entry_pipes
D:6:      kennysheep_housing_project, layout_basic, kennysheep_mini,
          serial_glass, glass_columns_a, glass_columns_c, glass_columns_a,
          due_unseen_surprise, feat_on_display
D:7:      layout_loops_corners, grunt_gozag_statues, serial_shops, shop,
          nicolae_square_shop, shop, gammafunk_ghost_icy
D:8:      layout_rooms, serial_corexii_hall, corexii_hall_statues_u,
          chequers_hall_statues_wall_a, corexii_hall_statues_i,
          corexii_hall_statues_x, chequers_hall_statues_corner_a,
          corexii_hall_statues_s, st_stairs_13, nicolae_shop_gadgets
Temple:   regret_index_temple_waves

Skill      XL: |  1  2  3  4  5  6  7  8 |
---------------+-------------------------+-----
Dodging        | 2 3 |  3.7
Armour         | 1 2 3 |  3.8
Evocations     | 1 2 3 |  3.7
Throwing       | 1 2 3 |  3.3
Axes           | 3 4 5 |  5.1
Fighting       | 4 5 |  5.1
Bows           | |  0.9
Stealth        | |  6.0

Action                   |  1- 3 |  4- 6 |  7- 9 || total
-------------------------+-------+-------+-------++-------
Melee: Hand axe          |    29 |       |       ||    29
       Whip              |    54 |    94 |    53 ||   201
 Fire: Longbow           |       |    17 |    33 ||    50
Throw: Dart              |     3 |       |     1 ||     4
 Abil: Shaft Self        |       |       |     1 ||     1
  Use: Scroll            |     1 |       |     3 ||     4
       Potion            |       |       |     6 ||     6
 Stab: Sleeping          |     4 |     6 |     1 ||    11
Armor: Leather armour    |    14 |       |       ||    14
       Ring mail         |    22 |    39 |       ||    61
       Scale mail        |       |     2 |    47 ||    49
Dodge: Dodged            |    65 |    72 |    75 ||   212

Table legend: (Time is in decaauts)
 A = Elapsed time spent in this place.
 B = Non-inter-level travel time spent in this place.
 C = Inter-level travel time spent in this place.
 D = Time resting spent in this place.
 E = Time spent auto-exploring this place.
 F = Levels seen in this place.
 G = Mean time per level.
                   A        B        C        D        E       F      G
               +--------+--------+--------+--------+--------+-----+--------+
         Total |   4930 |   4777 |    153 |    536 |   3321 |   9 |  547.8 |
       Dungeon |   4637 |   4490 |    147 |    536 |   3039 |   8 |  579.6 |
        Temple |    293 |    287 |      6 |      0 |    282 |   1 |  293.0 |
               +--------+--------+--------+--------+--------+-----+--------+

Top non-repeatable levels by time:
     D:4: 1297 daAuts
     D:3: 974 daAuts
     D:1: 808 daAuts
     D:2: 692 daAuts
     D:5: 508 daAuts
  Temple: 293 daAuts
     D:8: 208 daAuts
     D:7: 133 daAuts
     D:6: 14 daAuts
